 Dungeon Crawl Stone Soup version 0.28.0-43-g3370ac3207 (webtiles) character file.

Game seed: 6469517744739025644

541 jimonade the Cruncher (level 7, 0/60 HPs)
             Began as a Gnoll Wanderer on Mar 13, 2022.
             Was an Initiate of Trog.
             Slain by a kobold brigand
             ... wielding a +2 whip of venom
              (4 damage)
             ... on level 5 of the Dungeon.
             The game lasted 00:12:08 (4963 turns).

jimonade the Cruncher (Gnoll Wanderer)              Turns: 4963, Time: 00:12:09

Health: 0/60       AC:  6    Str: 13    XL:     7   Next: 26%
Magic:  10/10      EV: 10    Int: 10    God:    Trog [......]
Gold:   150        SH:  0    Dex: 13    Spells: 10/10 levels left

rFire   . . .      SeeInvis .   a - +4 quarterstaff
rCold   . . .      Faith    .   (shield currently unavailable)
rNeg    . . .      Spirit   .   m - +0 scale mail
rPois   .          Reflect  .   (no helmet)
rElec   .          Harm     .   (no cloak)
rCorr   .          Rampage  .   (no gloves)
Will    .....                   (no boots)
Stlth   +.........              (no amulet)
HPRegen 0.20/turn               (no ring)
MPRegen 0.12/turn               (no ring)

@: lethally poisoned (0 -> -19), about to teleport
A: fangs 1, strong nose, distributed training
a: Renounce Religion


You were on level 5 of the Dungeon.
You worshipped Trog.
Trog was noncommittal.
You visited 1 branch of the dungeon, and saw 5 of its levels.

You collected 150 gold pieces.

Inventory:

Hand Weapons
 a - a +4 quarterstaff (weapon)
 b - a +0 short sword
 j - a +0 hunting sling
 r - a +0 spear
Missiles
 d - 313 stones (quivered)
 e - 20 bolts
 l - 68 arrows
 q - 6 poisoned darts
 w - 26 sling bullets
Armour
 c - a +0 leather armour
 m - a +0 scale mail (worn)
Jewellery
 s - a +6 ring of strength
Wands
 n - a wand of digging (2)
Scrolls
 h - 3 scrolls of identify {unknown}
 o - a scroll of vulnerability {unknown}
 p - 2 scrolls of immolation {unknown}
 t - a scroll of fog {unknown}
 u - 2 scrolls of teleportation
Potions
 f - a potion of lignification {unknown}
 g - a potion of heal wounds {unknown}
 i - 3 potions of brilliance {unknown}
 k - 4 potions of curing {unknown}
 v - a potion of mutation {unknown}


   Skills:
 + Level 7.0 Fighting
 + Level 5.2 Short Blades
 + Level 2.3 Long Blades
 + Level 2.3 Axes
 + Level 2.3 Maces & Flails
 + Level 2.3 Polearms
 + Level 8.9 Staves
 + Level 2.3 Slings
 + Level 2.3 Bows
 + Level 2.3 Crossbows
 + Level 2.3 Throwing
 + Level 2.3 Armour
 + Level 3.5 Dodging
 + Level 2.3 Stealth
 + Level 2.3 Shields
 + Level 2.3 Unarmed Combat
 + Level 2.3 Spellcasting
 + Level 1.9 Conjurations
 + Level 1.9 Hexes
 + Level 1.9 Summonings
 + Level 1.9 Necromancy
 + Level 1.9 Translocations
 + Level 1.9 Transmutations
 + Level 1.9 Fire Magic
 + Level 1.9 Ice Magic
 + Level 1.9 Air Magic
 + Level 1.9 Earth Magic
 + Level 1.9 Poison Magic
 + Level 2.6 Invocations
 + Level 2.3 Evocations


You had 10 spell levels left.
You didn't know any spells.
Your spell library contained the following spells:

 Spells                   Type           Power      Damage    Failure   Level
 Animate Skeleton         Necr           10%        N/A       54%         1
 Apportation              Tloc           10%        N/A       54%         1
 Summon Small Mammal      Summ           20%        N/A       54%         1
 Blink                    Tloc           10%        N/A       67%         2
 Dazzling Flash           Conj/Hex       10%        N/A       88%         3
 Iskenderun's Mystic Bla  Conj/Tloc      5%         2d3       99%         4
 Manifold Assault         Tloc           5%         N/A       100%        5
 Starburst                Conj/Fire      2%         6d3       100%        6
 Storm Form               Tmut/Air       2%         N/A       100%        7


Dungeon Overview and Level Annotations

Branches:
Dungeon (5/15)
 Temple: D:4-7

Altars:
Dithmenos
Trog


Innate Abilities, Weirdness & Mutations

You have very sharp teeth.
Your uncanny sense of smell can sniff out nearby items.
Your experience applies equally to all skills.


Message History

You are more poisoned.
You see here a hound corpse.
You hit the kobold brigand.
The kobold brigand is heavily wounded.
You feel very sick.
The kobold brigand hits you but does no damage.
You are more poisoned.
You hit the kobold brigand but do no damage.
The kobold brigand is heavily wounded.
You feel very sick. The kobold brigand barely misses you.
You are too injured to fight recklessly!
You are too injured to fight recklessly!
You are too injured to fight recklessly!
You are too injured to fight recklessly!
You are too injured to fight recklessly!
You are too injured to fight recklessly!
You miss the kobold brigand.
The kobold brigand is heavily wounded.
You feel very sick.
The kobold brigand hits you with a +2 whip of venom.
You are lethally poisoned!
You hit the kobold brigand.
The kobold brigand is heavily wounded.
You feel very sick.
The white imp disappears for a moment.
The kobold brigand hits you with a +2 whip of venom.
* * * LOW HITPOINT WARNING * * *
You are more poisoned.
You hit the kobold brigand.
The kobold brigand is severely wounded.
* * * LOW HITPOINT WARNING * * *
You feel very sick.
Okay, then.
As you read the scroll of teleportation, it crumbles to dust.
You feel strangely unstable.
* * * LOW HITPOINT WARNING * * *
You feel very sick.
The kobold brigand hits you with a +2 whip of venom.
You die... .......# ## ....... ...... #.... ##...
KK.

#.# #.# #.#
#K######## ##.##
#5K@†....###...##
########.#......#
#.......#
###.#...#####
#.#........
#.##..#####
#.##..# #.....#
####.##


You could see a kobold brigand, a white imp and a kobold.

Vanquished Creatures
  An ice beast (D:3)
  A phantom (D:4)
  A scorpion (D:5)
  3 hounds
  A jelly (D:4)
  An iguana (D:3)
  6 adders
  2 worms
  4 dart slugs
  4 orcs
  6 ball pythons
  5 bats
  10 endoplasms
  5 giant cockroaches
  9 goblins
  11 hobgoblins
  15 kobolds
  6 quokkas
  3 frilled lizards
  6 rats
100 creatures vanquished.

Vanquished Creatures (others)
  9 plants
9 creatures vanquished.

Grand Total: 109 creatures vanquished

Notes
Turn   | Place    | Note
-------+----------+-------------------------------------------
     0 | D:1      | jimonade the Gnoll Wanderer began the quest for the Orb.
     0 | D:1      | jimonade set off with the following items: a +3
                  | quarterstaff, a +0 short sword, a +0 leather armour
     0 | D:1      | Reached XP level 1. HP: 23/23 MP: 1/1
   264 | D:1      | Reached XP level 2. HP: 15/29 MP: 2/2
   751 | D:1      | Reached XP level 3. HP: 28/35 MP: 3/3
  1074 | D:1      | Reached skill level 1 in Invocations
  1575 | D:2      | Reached skill level 1 in Long Blades
  1575 | D:2      | Reached skill level 1 in Axes
  1575 | D:2      | Reached skill level 1 in Maces & Flails
  1575 | D:2      | Reached skill level 1 in Polearms
  1575 | D:2      | Reached skill level 1 in Slings
  1575 | D:2      | Reached skill level 1 in Bows
  1575 | D:2      | Reached skill level 1 in Crossbows
  1575 | D:2      | Reached skill level 1 in Throwing
  1575 | D:2      | Reached skill level 1 in Armour
  1575 | D:2      | Reached skill level 1 in Stealth
  1575 | D:2      | Reached skill level 1 in Shields
  1575 | D:2      | Reached skill level 1 in Unarmed Combat
  1575 | D:2      | Reached skill level 1 in Spellcasting
  1575 | D:2      | Reached skill level 1 in Evocations
  1689 | D:2      | Reached XP level 4. HP: 41/41 MP: 5/5
  2348 | D:2      | Reached skill level 1 in Conjurations
  2348 | D:2      | Reached skill level 1 in Hexes
  2348 | D:2      | Reached skill level 1 in Summonings
  2348 | D:2      | Reached skill level 1 in Necromancy
  2348 | D:2      | Reached skill level 1 in Translocations
  2348 | D:2      | Reached skill level 1 in Transmutations
  2348 | D:2      | Reached skill level 1 in Fire Magic
  2348 | D:2      | Reached skill level 1 in Ice Magic
  2348 | D:2      | Reached skill level 1 in Air Magic
  2348 | D:2      | Reached skill level 1 in Earth Magic
  2348 | D:2      | Reached skill level 1 in Poison Magic
  2573 | D:3      | Noticed an ice beast
  2777 | D:3      | Killed an ice beast
  2778 | D:3      | Reached XP level 5. HP: 28/47 MP: 5/7
  2963 | D:3      | Reached XP level 6. HP: 35/53 MP: 8/8
  3341 | D:3      | Found a shadowy altar of Dithmenos.
  3516 | D:3      | Found a bloodstained altar of Trog.
  3588 | D:3      | Became a worshipper of Trog the Wrathful
  4052 | D:4      | Reached skill level 5 in Short Blades
  4781 | D:5      | Entered Level 5 of the Dungeon
  4807 | D:5      | Reached XP level 7. HP: 59/59 MP: 10/10
  4963 | D:5      | Slain by a kobold brigand

Illustrated notes

Levels and vault maps discovered:
D:1:      denvon_arrival_planthouse, layout_loops_cross, minmay_pentomino_r2
D:2:      layout_basic, minmay_misc_feat_enclosed, minmay_indecisive_spiral
D:3:      cheibrodos_old_hovel, layout_rooms, trog_hazing_becter,
          nicolae_dithmenos_the_darkroom
D:4:      layout_rooms, kennysheep_dice
D:5:      layout_loops_corners, fedhas_altar_4, mainiacjoe_overflow_alcove_2,
          portal_sewer_entry_a

Skill      XL: |  1  2  3  4  5  6  7 |
---------------+----------------------+-----
Invocations    | 1 2 |  2.6
Long Blades    | 1 2 |  2.3
Axes           | 1 2 |  2.3
Maces & Flails | 1 2 |  2.3
Polearms       | 1 2 |  2.3
Slings         | 1 2 |  2.3
Bows           | 1 2 |  2.3
Crossbows      | 1 2 |  2.3
Throwing       | 1 2 |  2.3
Armour         | 1 2 |  2.3
Stealth        | 1 2 |  2.3
Shields        | 1 2 |  2.3
Unarmed Combat | 1 2 |  2.3
Spellcasting   | 1 2 |  2.3
Evocations     | 1 2 |  2.3
Conjurations   | 1 |  1.9
Hexes          | 1 |  1.9
Summonings     | 1 |  1.9
Necromancy     | 1 |  1.9
Translocations | 1 |  1.9
Transmutations | 1 |  1.9
Fire Magic     | 1 |  1.9
Ice Magic      | 1 |  1.9
Air Magic      | 1 |  1.9
Earth Magic    | 1 |  1.9
Poison Magic   | 1 |  1.9
Dodging        | 3 |  3.5
Short Blades   | 5 |  5.2
Fighting       | 7 |  7.0
Staves         | |  8.9

Action                   |  1- 3 |  4- 6 |  7- 9 || total
-------------------------+-------+-------+-------++-------
Melee: Quarterstaff      |    85 |   128 |    18 ||   231
       Bite              |     3 |     7 |       ||    10
Throw: Stone             |    16 |    69 |       ||    85
  Use: Scroll            |     4 |       |     1 ||     5
 Stab: Distracted        |     1 |       |       ||     1
Armor: Leather armour    |    15 |       |       ||    15
       Scale mail        |     4 |    35 |     7 ||    46
Dodge: Dodged            |    38 |    64 |     4 ||   106
